woodfighter, chaotic female elven Rogue ----------- |...).....|## |........Z| # |..<.....@.### ---------Z- # ### # ## + woodfighter the Cutpurse Experience level: 5 Strength: 17 Dexterity: 16 Constitution: 12 Intelligence: 9 Wisdom: 12 Charisma: 11 Health: 0(29) Energy: 28(28) Def: 7 Gold: 0 Moves: 3212 Dungeon seed: 7QOTbxLth2EP36w3 Game ID: woodfighter_1511292936 Your Inventory: Weapons a - a burnt +0 elven short sword (weapon in hand) b - 9 +0 elven daggers (in quiver) Armor e - an uncursed +1 leather armor (being worn) n - an uncursed +0 dwarvish cloak (being worn) q - an uncursed +0 dwarvish iron helm (being worn) r - an uncursed +0 pair of iron shoes (being worn) Comestibles j - 2 uncursed tripe rations C - an uncursed tin of floating eye meat P - an uncursed eucalyptus leaf Wands h - a wand of opening (0:3) v - a blessed wand of undead turning (0:6) B - a wand of enlightenment (0:14) M - a wand of enlightenment (0:14) Tools g - an uncursed blindfold k - an uncursed bugle s - an uncursed sack y - an uncursed lock pick Contents of the sack: 507 gold pieces an uncursed scroll of fire a cursed scroll of identify a [uncursed] spellbook of blank paper an uncursed spellbook of cure blindness an uncursed potion of sickness 7 uncursed tallow candles [0:200] Spells and supernatural/magical abilities: Name Level Category Fail Memory W - pray for help -- divine ? -- Your skills at the end: Miscellaneous Skills wands [Basic] Weapon Skills dagger [Basic] short sword [Basic] Spellcasting Skills Final Attributes: You were piously aligned. You were sleep resistant. You were telepathic. You had infravision. You were stealthy. You are dead. Vanquished creatures: a leprechaun 2 ponies a gnome lord 2 elf zombies 2 floating eyes a dwarf 4 iguanas a jitterbug 2 orc zombies 3 gas spores a large kobold a gecko 3 cave spiders 3 gnomes 4 garter snakes 3 manes 14 jackals a fox 2 kobolds 3 newts 3 goblins 7 grid bugs 4 bats a lichen 69 creatures vanquished. Voluntary challenges: You did not adorn yourself with jewelry or accessories. You did not cause conflict. You were not invisible. You did not have reflection. You were not displaced. You used a wielded weapon 92 times, starting on turn 194. You did not apply a unicorn horn. You did not use plumbed fixtures. You did not drink any magical draughts. You were illiterate. You never genocided any monsters. You never polymorphed an object. You never changed form. You used no wishes. You never split a pudding. You never wrote Elbereth's name. You never violated your personal moral code. Dungeon overview: The Dungeons of Doom: levels 1 to 7 Level 1 some fountains, a sink a long staircase Level 2 (vorpal blade in shop) a general store, a fountain, a sink Level 3 a fountain, a sink Level 4 an altar to Kos, some fountains stairs to The Gnomish Mines Level 5 (vault) Level 6 (vault) a fountain Level 7 <- You were here The Gnomish Mines: Level 5 stairs to The Dungeons of Doom History has recorded: On T:1 you entered the Dungeons of Doom to retrieve the Amulet of Yendor! On T:171 you reached level 2 of The Dungeons of Doom. On T:469 you reached level 3 of The Dungeons of Doom. On T:856 you advanced to experience level 2. On T:1000 you reached level 4 of The Dungeons of Doom. On T:1265 you advanced to experience level 3. On T:1441 you reached level 1 of The Gnomish Mines. On T:1756 you reached level 5 of The Dungeons of Doom. On T:1829 you prayed to Kos. On T:1953 you reached level 6 of The Dungeons of Doom. On T:2066 you advanced to experience level 4. On T:2475 you advanced to experience level 5. On T:3031 you reached level 7 of The Dungeons of Doom. Score breakdown: Gold: 507 ( 50 points) Experience: 5 levels ( 400 points) Exploration: 7 levels ( 180 points) Discoveries: 12 items ( 600 points) Variety of kills: 24 monsters ( 1200 points) Major goal: (nothing yet) ( 0 points) Survival: died (score multiplied by 3) Total score: 7290 Latest messages: You put 312 gold pieces into the sack. You put a plain spellbook into the sack. You stop exploring. The elf zombie scratches you! You stab the elf zombie. You stab the elf zombie! The elf zombie scratches you! You destroy the elf zombie! You feel more chaotic. The elf zombie scratches you! (2x) You stab the elf zombie. The elf zombie misses. The elf zombie scratches you! You stab the elf zombie. You stab the elf zombie! The elf zombie scratches you! (2x) You stab the elf zombie! You destroy the elf zombie! You feel more chaotic. The elf zombie scratches you! You stab the elf zombie. (2x) The elf zombie misses. The elf zombie scratches you! You die... Final status: Goodbye woodfighter the Rogue, killed by an elf zombie... You died in The Dungeons of Doom on dungeon level 7 with 7290 points, and 507 pieces of gold, after 3212 moves. You were level 5 with a maximum of 29 hit points when you died.